 Dungeon Crawl Stone Soup version 0.31.0-32-g396128a36d (webtiles) character file.

Game seed: 8464107935795915274

20143 Route97 the Skirmisher (level 12, -14/76 HPs)
             Began as a Gnoll Hunter on Apr 11, 2024.
             Was a Priest of Nemelex Xobeh.
             Collided with a rock wall (20 damage)
             ... after being knocked back by a wretched star
             ... on level 1 of the Abyss.
             The game lasted 00:50:38 (12168 turns).

Route97 the Skirmisher (Gnoll Hunter)              Turns: 12168, Time: 00:50:39

Health: -14/76     AC: 18    Str:  9    XL:     12   Next: 76%
Magic:  23/23      EV: 21    Int:  5    God:    Nemelex Xobeh [***...]
Gold:   1144       SH:  0    Dex: 27    Spells: 26/26 levels left

rFire   . . .        a - +6 shortbow
rCold   . . .        (shield currently unavailable)
rNeg    + . .        A - +2 steam dragon scales
rPois   +            (no helmet)
rElec   .            E - +2 ratskin cloak {*Rats rPois rN+ Str-1 Int-1 Dex+1}
rCorr   +            m - +2 pair of gloves
SInv    .            p - +2 pair of boots
Will    .....        n - amulet of regeneration
Stlth   +++++        s - +6 ring of dexterity
HPRegen 1.12/turn    i - ring of resist corrosion
MPRegen 0.18/turn

%: no passive effects
@: no status effects
A: fangs 1, strong nose, distributed training, [dopey 2], [frail 2], [inability
to drink after injury 2]
a: Renounce Religion, Draw Escape, Draw Destruction, Draw Summoning, Triple Draw


You were on level 1 of the Abyss.
You worshipped Nemelex Xobeh.
Nemelex Xobeh was most pleased with you.
You visited 3 branches of the dungeon, and saw 14 of its levels.
You visited the Abyss 1 time.
You also visited: Ossuary and Bailey.

You collected 1144 gold pieces.

Inventory:

Hand Weapons
 a - a +6 shortbow (weapon)
 b - a +1 demon trident of flaming
 c - the +4 war axe "Durchag" {freeze, Will- Str+8 Dex-3}
   (You found it on level 12 of the Dungeon)

   Str+8:     It affects your strength (+8).
   Dex-3:     It affects your dexterity (-3).
   Will-:     It decreases your willpower.
 J - a +0 heavy morningstar
Missiles
 f - 3 throwing nets
Armour
 m - a +2 pair of gloves (worn)
 p - a +2 pair of boots (worn)
 A - +2 steam dragon scales (worn)
 E - the +2 ratskin cloak (worn) {*Rats rPois rN+ Str-1 Int-1 Dex+1}
   (You found it on level 5 of the Dungeon)

   *Rats:     When the wearer is hurt, rats may emerge from it to assist them.
   Str-1:     It affects your strength (-1).
   Int-1:     It affects your intelligence (-1).
   Dex+1:     It affects your dexterity (+1).
   rPois:     It protects you from poison rN+: It protects you from negative
   energy.
 M - the +3 scale mail of Hapt {Str+3}
   (You found it on level 8 of the Dungeon)

   Str+3:     It affects your strength (+3).
Jewellery
 d - a +4 ring of protection
 e - a ring of positive energy
 g - a ring of ice
 i - a ring of resist corrosion (right hand)
 k - a +6 ring of strength
 l - a ring of magical power
 n - an amulet of regeneration (around neck)
 r - a +4 ring of protection
 s - a +6 ring of dexterity (left hand)
 w - a ring of fire
 H - a ring of ice
Wands
 t - a wand of light (7)
 x - a wand of mindburst (16)
 y - a wand of roots (23)
 L - a wand of flame (12)
 Q - a wand of polymorph (6)
Scrolls
 j - 4 scrolls of amnesia
 u - 4 scrolls of revelation
 F - 2 scrolls of fear
 G - a scroll of enchant armour
Potions
 h - a potion of curing
 o - 3 potions of enlightenment
 v - 2 potions of resistance
 z - 4 potions of ambrosia
 B - 2 potions of magic
 C - a potion of berserk rage
 D - 5 potions of haste
 I - a potion of degeneration {unknown}
 K - 2 potions of invisibility {unknown}
 N - 2 potions of attraction {unknown}
 O - a potion of experience {unknown}
 P - 2 potions of might {unknown}


   Skills:
 + Level 9.2 Fighting
 + Level 7.9 Short Blades
 + Level 7.9 Long Blades
 + Level 7.9 Axes
 + Level 7.9 Maces & Flails
 + Level 7.9 Polearms
 + Level 7.9 Staves
 + Level 11.5 Ranged Weapons
 + Level 7.9 Throwing
 + Level 7.9 Armour
 + Level 9.2 Dodging
 + Level 8.3 Stealth
 + Level 7.9 Shields
 + Level 7.9 Unarmed Combat
 + Level 7.9 Spellcasting
 + Level 6.5 Conjurations
 + Level 6.5 Hexes
 + Level 6.5 Summonings
 + Level 6.5 Necromancy
 + Level 6.5 Translocations
 + Level 6.5 Fire Magic
 + Level 6.5 Ice Magic
 + Level 6.5 Air Magic
 + Level 6.5 Earth Magic
 + Level 6.5 Alchemy
 + Level 8.6 Invocations
 + Level 7.9 Evocations
 + Level 7.2 Shapeshifting


You had 26 spell levels left.
You didn't know any spells.
Your spell library contained the following spells:

 Spells                   Type           Power      Damage    Failure   Level
 Freeze                   Ice            32%        1d5       1%          1
 Kiss of Death            Conj/Necr      32%        2d7       1%          1
 Magic Dart               Conj           32%        1d4       1%          1
 Slow                     Hex            32%        N/A       1%          1
 Sting                    Conj/Alch      32%        1d5       1%          1
 Call Imp                 Summ           16%        N/A       2%          2
 Sublimation of Blood     Necr           8%         N/A       2%          2
 Confusing Touch          Hex            8%         N/A       4%          3
 Frozen Ramparts          Ice            16%        1d3       4%          3
 Gell's Gravitas          Tloc           8%         N/A       4%          3
 Hailstorm                Conj/Ice       8%         3d5       4%          3
 Sigil of Binding         Hex            8%         N/A       4%          3
 Teleport Other           Tloc           8%         N/A       4%          3
 Tukima's Dance           Hex            8%         N/A       4%          3
 Vampiric Draining        Necr           8%         2d6       4%          3
 Volatile Blastmotes      Fire/Tloc      16%        2d11      4%          3
 Dimensional Bullseye     Hex/Tloc       4%         N/A       16%         4
 Fulminant Prism          Conj/Alch      4%         3d5       16%         4
 Iskenderun's Mystic Bla  Conj/Tloc      8%         2d4       16%         4
 Petrify                  Alch/Erth      8%         N/A       16%         4
 Dispersal                Tloc           4%         N/A       94%         6
 Enfeeble                 Hex            4%         N/A       100%        7
 Summon Hydra             Summ           4%         N/A       100%        7


Dungeon Overview and Level Annotations

Branches:
Dungeon (12/15)            Temple (1/1) D:6            Lair (0/5) D:11
    Orc (1/2) D:10        Ossuary (visited)          Bailey (visited)

Altars:
Ashenzari
Cheibriados
Dithmenos
Elyvilon
Fedhas
Gozag
Hepliaklqana
Kikubaaqudgha
Makhleb
Nemelex Xobeh
Okawaru
Qazlal
Ru
Sif Muna
Trog
Uskayaw
Vehumet
Wu Jian
Xom
Yredelemnul
Zin
The Shining One

Portals:
Trove: D:10 (show slimy rune of Zot)

Annotations:
D:12 Erolcha, Kirke, Maurice
Orc:1 Fannar


Innate Abilities, Weirdness & Mutations

You have very sharp teeth.
Your uncanny sense of smell can sniff out nearby items.
Your experience applies equally to all skills.
[You are very dopey. (Int -4)]
[You are very frail. (-20% HP)]
[You sometimes lose the ability to drink potions when taking damage.]


Message History

The wretched star is severely damaged.
The wretched star pulses with an eldritch light!
You occasionally lose the ability to drink potions when taking damage.
You lose the ability to drink potions when taking damage more often.
The raiju closely misses you.
You shoot an arrow.
The arrow barely misses the wretched star.
The wretched star glows turbulently.
The lance of force misses you.
The raiju bursts into living lightning!
The living lightning misses you.
The raiju blinks!
Unknown command.
You shoot an arrow. The arrow hits the wretched star!
The wretched star is almost destroyed.
The wretched star glows turbulently.
The lance of force misses you. The raiju closely misses you.
The raiju bursts into living lightning!
The living lightning hits the raiju.
The raiju completely resists.
The living lightning misses you.
The raiju blinks!
You shoot an arrow.
The arrow hits the wretched star but does no damage.
The wretched star is almost destroyed.
The wretched star glows turbulently.
The lance of force hits you!!
A river rat scurries out from under your cloak.
You are knocked back by the lance of force.
You slam into the rock wall!
You shoot an arrow.
The arrow hits the wretched star but does no damage.
The wretched star is almost destroyed.
The raiju bites you. The raiju shocks you!
* * * LOW HITPOINT WARNING * * *
The raiju completely misses you.
The wretched star glows turbulently.
The lance of force hits you!
* * * LOW HITPOINT WARNING * * *
You are knocked back by the lance of force.
You slam into the rock wall!
You die...
Your body glows slightly and disappears.

#### ...
#@h#∆
.#...h*.#
#...Vh#r#∆∆∆
#....~..§#
#.......#. ∆
..##...# .~
. ...## ...
..#. ~.. .#


You could see a wretched star (ally target), 3 raiju, a vampire and a friendly
river rat.

Vanquished Creatures
  Snorg (D:12)
  A boulder beetle (D:11)
  A centaur warrior (D:12)
  A deep troll earth mage (D:12)
  A two-headed ogre (D:9)
  A hell knight (D:12)
  A skeletal warrior (D:10)
  2 manticores
  A wolf spider (D:12)
  An orc knight (Bailey)
  An ugly thing (D:11)
  An efreet (D:12)
  A rime drake (D:11)
  A komodo dragon (D:10)
  An unseen horror (D:12)
  A guardian mummy (D:10)
  Psyche (D:12)
  3 trolls
  A polar bear (D:11)
  3 shadows
  3 wraiths
  A vampire (D:12)
  5 hogs (D:11)
  10 yaks
  A steam dragon (D:8)
  4 vampire mosquitoes
  2 spatial vortices (Abyss:1)
  2 acid dragons (D:12)
  8 orc warriors
  5 ice beasts
  2 black bears (D:5)
  2 wolves (D:11)
  4 centaurs
  3 phantoms
  3 ogres
  A kobold brigand (D:9)
  3 bullfrogs
  3 scorpions
  5 wights (D:7)
  4 killer bees (D:11)
  2 bombardier beetles
  2 hounds
  12 orc priests
  5 starcursed masses (Abyss:1)
  A jelly (D:4)
  2 sleepcaps
  5 iguanas
  4 orc wizards
  8 mummies (Ossuary)
  7 adders
  A dart slug (D:5)
  A ribbon worm (D:4)
  47 orcs
  5 ball pythons
  3 bats
  6 endoplasms
  2 giant cockroaches
  2 gnoll zombies (Ossuary)
  4 goblins
  10 hobgoblins
  3 jackals
  13 kobolds
  2 quokkas
  3 frilled lizards
  2 hobgoblin zombies (Ossuary)
  2 kobold zombies (Ossuary)
  2 orc zombies (Ossuary)
  8 rats
260 creatures vanquished.

Vanquished Creatures (collateral kills)
  A fire dragon (D:10)
  A deep elf pyromancer (D:12)
  An orc knight (Bailey)
  Joseph (D:8)
  Maggie (D:7)
  A troll (D:10)
  A steam dragon (D:6)
  2 orc warriors
  A black bear (D:5)
  An ogre (D:5)
  A bullfrog (D:7)
  2 wights (D:7)
  An orc priest (D:8)
  An orc wizard (D:8)
  3 orcs
  A ball python (D:8)
  A goblin (D:8)
21 creatures vanquished.

Grand Total: 281 creatures vanquished

Notes
Turn   | Place    | Note
-------+----------+-------------------------------------------
     0 | D:1      | Route97 the Gnoll Hunter began the quest for the Orb.
     0 | D:1      | Reached XP level 1. HP: 20/20 MP: 1/1
    66 | D:1      | Reached XP level 2. HP: 26/26 MP: 2/2
  1031 | D:2      | Reached XP level 3. HP: 28/31 MP: 3/3
  1066 | D:2      | Reached skill level 1 in Invocations
  1885 | D:3      | Reached skill level 1 in Short Blades
  1885 | D:3      | Reached skill level 1 in Long Blades
  1885 | D:3      | Reached skill level 1 in Axes
  1885 | D:3      | Reached skill level 1 in Maces & Flails
  1885 | D:3      | Reached skill level 1 in Polearms
  1885 | D:3      | Reached skill level 1 in Staves
  1885 | D:3      | Reached skill level 1 in Throwing
  1885 | D:3      | Reached skill level 1 in Armour
  1885 | D:3      | Reached skill level 1 in Shields
  1885 | D:3      | Reached skill level 1 in Unarmed Combat
  1885 | D:3      | Reached skill level 1 in Spellcasting
  1885 | D:3      | Reached skill level 1 in Evocations
  1997 | D:3      | Reached skill level 1 in Shapeshifting
  1997 | D:3      | Reached XP level 4. HP: 38/38 MP: 5/5
  2075 | D:3      | Got An Introduction to Magic
  2404 | D:4      | Reached skill level 1 in Conjurations
  2404 | D:4      | Reached skill level 1 in Hexes
  2404 | D:4      | Reached skill level 1 in Summonings
  2404 | D:4      | Reached skill level 1 in Necromancy
  2404 | D:4      | Reached skill level 1 in Translocations
  2404 | D:4      | Reached skill level 1 in Fire Magic
  2404 | D:4      | Reached skill level 1 in Ice Magic
  2404 | D:4      | Reached skill level 1 in Air Magic
  2404 | D:4      | Reached skill level 1 in Earth Magic
  2404 | D:4      | Reached skill level 1 in Alchemy
  2412 | D:4      | Found a hide-covered altar of Uskayaw.
  2693 | D:4      | Reached XP level 5. HP: 43/43 MP: 7/7
  2722 | D:4      | Found the +5 robe of Misfortune {Harm *Corrode *Slow EV+5}
  2761 | D:4      | Found a sand-covered staircase.
  2766 | Ossuary  | Entered an ossuary
  2918 | Ossuary  | Reached XP level 6. HP: 50/50 MP: 8/8
  3152 | D:4      | Reached skill level 5 in Fighting
  3152 | D:4      | Reached skill level 5 in Dodging
  3444 | D:4      | Reached XP level 7. HP: 56/56 MP: 10/10
  3846 | D:5      | Entered Level 5 of the Dungeon
  3941 | D:4      | Reached skill level 9 in Ranged Weapons
  4086 | D:5      | Found the +2 ratskin cloak {*Rats rPois rN+ Str-1 Int-1
                  | Dex+1}
  4178 | D:5      | Reached XP level 8. HP: 63/63 MP: 12/12
  4731 | D:5      | Got Sif Muna's Monograph on the Wyrd and the Caves
  4830 | D:6      | Found a shadowy altar of Dithmenos.
  4894 | D:6      | Found a staircase to the Ecumenical Temple.
  4921 | Temple   | Entered the Ecumenical Temple
  5059 | Temple   | Became a worshipper of Nemelex Xobeh the Trickster
  5259 | D:6      | Found a radiant altar of Vehumet.
  5302 | D:6      | Reached XP level 9. HP: 44/69 MP: 14/14
  5697 | D:7      | Reached * piety under Nemelex Xobeh
  5717 | D:7      | Received a gift from Nemelex Xobeh
  6165 | D:7      | Noticed Maggie
  6183 | D:7      | Killed Maggie
  6184 | D:7      | Reached skill level 5 in Stealth
  6439 | D:7      | Reached skill level 5 in Invocations
  6463 | D:7      | Received a gift from Nemelex Xobeh
  6817 | D:7      | Reached ** piety under Nemelex Xobeh
  6970 | D:7      | Received a gift from Nemelex Xobeh
  7341 | D:8      | Identified the +3 scale mail of Hapt {Str+3}
  7476 | D:8      | Noticed a hornet
  7484 | D:8      | a hornet changed into a goblin
  7542 | D:8      | Reached skill level 5 in Short Blades
  7542 | D:8      | Reached skill level 5 in Long Blades
  7542 | D:8      | Reached skill level 5 in Axes
  7542 | D:8      | Reached skill level 5 in Maces & Flails
  7542 | D:8      | Reached skill level 5 in Polearms
  7542 | D:8      | Reached skill level 5 in Staves
  7542 | D:8      | Reached skill level 5 in Throwing
  7542 | D:8      | Reached skill level 5 in Armour
  7542 | D:8      | Reached skill level 5 in Shields
  7542 | D:8      | Reached skill level 5 in Unarmed Combat
  7542 | D:8      | Reached skill level 5 in Spellcasting
  7542 | D:8      | Reached skill level 5 in Evocations
  7542 | D:8      | Reached XP level 10. HP: 77/77 MP: 17/17
  7551 | D:8      | Noticed a gargoyle
  7695 | D:8      | Noticed Joseph
  7706 | D:8      | Killed Joseph
  7707 | D:8      | Reached skill level 10 in Ranged Weapons
  8040 | D:9      | Found a flagged portal.
  8311 | D:9      | Noticed a two-headed ogre
  8319 | D:9      | Killed a two-headed ogre
  8320 | D:9      | Reached skill level 5 in Shapeshifting
  8463 | D:9      | Reached *** piety under Nemelex Xobeh
  8527 | Bailey   | Entered a bailey
  8617 | Bailey   | Noticed an orc knight
  8643 | Bailey   | Killed an orc knight
  8686 | Bailey   | Noticed an orc knight
  8862 | Bailey   | Killed an orc knight
  9012 | D:10     | Entered Level 10 of the Dungeon
  9036 | D:10     | Reached skill level 5 in Conjurations
  9036 | D:10     | Reached skill level 5 in Hexes
  9036 | D:10     | Reached skill level 5 in Summonings
  9036 | D:10     | Reached skill level 5 in Necromancy
  9036 | D:10     | Reached skill level 5 in Translocations
  9036 | D:10     | Reached skill level 5 in Fire Magic
  9036 | D:10     | Reached skill level 5 in Ice Magic
  9036 | D:10     | Reached skill level 5 in Air Magic
  9036 | D:10     | Reached skill level 5 in Earth Magic
  9036 | D:10     | Reached skill level 5 in Alchemy
  9044 | D:10     | Reached XP level 11. HP: 76/85 MP: 20/20
  9205 | D:10     | Received a gift from Nemelex Xobeh
  9435 | D:10     | Noticed a skeletal warrior
  9436 | D:10     | Noticed a fire dragon
  9446 | D:10     | Killed a fire dragon
  9482 | D:10     | Killed a skeletal warrior
  9998 | D:10     | Found a staircase to the Orcish Mines.
 10041 | D:10     | Found a portal to a secret trove of treasure.
 10310 | Orc:1    | Entered Level 1 of the Orcish Mines
 10310 | Orc:1    | Noticed Fannar
 10563 | D:11     | Noticed a boulder beetle
 10575 | D:11     | Noticed a red ugly thing
 10591 | D:11     | Killed a red ugly thing
 10591 | D:11     | Killed a boulder beetle
 10592 | D:11     | Reached skill level 11 in Ranged Weapons
 10594 | D:11     | Noticed a manticore
 10604 | D:11     | Killed a manticore
 10643 | D:11     | Found a staircase to the Lair.
 10989 | D:12     | Received a gift from Nemelex Xobeh
 10996 | D:12     | Reached XP level 12. HP: 94/94 MP: 22/22
 11130 | D:12     | Noticed Erolcha
 11181 | D:12     | Noticed Maurice
 11183 | D:12     | Noticed Kirke
 11434 | D:12     | Received a gift from Nemelex Xobeh
 11436 | D:12     | Noticed Psyche
 11459 | D:12     | Killed Psyche
 11492 | D:12     | Identified the +4 war axe "Durchag" {freeze, Will- Str+8
                  | Dex-3}
 11532 | D:12     | Noticed a centaur warrior
 11543 | D:12     | Killed a centaur warrior
 11573 | D:12     | Noticed Snorg
 11576 | D:12     | Noticed a deep troll earth mage
 11602 | D:12     | Killed a deep troll earth mage
 11604 | D:12     | Killed Snorg
 11616 | D:12     | Noticed a hell knight
 11642 | D:12     | Killed a hell knight
 12051 | Abyss:1  | Noticed a starcursed mass
 12051 | Abyss:1  | Cast into level 1 of the Abyss (Erolcha)
 12073 | Abyss:1  | Killed a starcursed mass
 12088 | Abyss:1  | HP: 2/95 [starcursed mass/accursed screaming (6)]
 12150 | Abyss:1  | Noticed a wretched star
 12168 | Abyss:1  | Collided with a rock wall

Illustrated notes

Levels and vault maps discovered:
D:1:      amcnicky_arrival_single_pillar, layout_basic
D:2:      layout_basic
D:3:      layout_basic
D:4:      layout_basic, mainiacjoe_overflow_boulevard, enter_ossuary_2,
          kennysheep_generic_room_4
D:5:      layout_rooms
D:6:      layout_loops_ring, nicolae_vehumet_radiance, old_standard_altar,
          temple_doors_e
D:7:      layout_layer_cave, uniq_maggie
D:8:      layout_rooms, lightli_corner_chamber, uniq_joseph
D:9:      layout_roguey, enter_bailey_2
D:10:     layout_loops_ring, orc_0_dummy, nicolae_trove_entry_path_of_doom,
          minivault_20, kennysheep_potato
D:11:     layout_basic, hellmonk_lair_entry_icy
D:12:     minmay_textured_paths, layout_cave_pools, gauntlet_entry_generic,
          nicolae_two_hexagons, uniq_josephine, uniq_erolcha, uniq_maurice,
          uniq_psyche, uniq_snorg, uniq_kirke
Temple:   nicolae_temple_bog_church
Orc:1:    layout_caves, basic_altar, serial_shops, nicolae_square_shop, shop,
          shop, shop_fountains, uniq_fannar
Abyss:1:  base: D:4, hangedman_abyss_or_decor_jellyfish_corner,
          abyss_greek_temple

Skill      XL: |  1  2  3  4  5  6  7  8  9 10 11 12 |
---------------+-------------------------------------+-----
Invocations    | 1 2 3 4 5 6 7 8 |  8.6
Short Blades   | 1 2 3 5 6 7 |  7.9
Long Blades    | 1 2 3 5 6 7 |  7.9
Axes           | 1 2 3 5 6 7 |  7.9
Maces & Flails | 1 2 3 5 6 7 |  7.9
Polearms       | 1 2 3 5 6 7 |  7.9
Staves         | 1 2 3 5 6 7 |  7.9
Throwing       | 1 2 3 5 6 7 |  7.9
Armour         | 1 2 3 5 6 7 |  7.9
Shields        | 1 2 3 5 6 7 |  7.9
Unarmed Combat | 1 2 3 5 6 7 |  7.9
Spellcasting   | 1 2 3 5 6 7 |  7.9
Evocations     | 1 2 3 5 6 7 |  7.9
Shapeshifting  | 1 2 3 4 5 6 7 |  7.2
Conjurations   | 1 2 3 4 5 6 |  6.5
Hexes          | 1 2 3 4 5 6 |  6.5
Summonings     | 1 2 3 4 5 6 |  6.5
Necromancy     | 1 2 3 4 5 6 |  6.5
Translocations | 1 2 3 4 5 6 |  6.5
Fire Magic     | 1 2 3 4 5 6 |  6.5
Ice Magic      | 1 2 3 4 5 6 |  6.5
Air Magic      | 1 2 3 4 5 6 |  6.5
Earth Magic    | 1 2 3 4 5 6 |  6.5
Alchemy        | 1 2 3 4 5 6 |  6.5
Stealth        | 3 4 5 6 7 8 |  8.3
Fighting       | 5 6 7 8 9 |  9.2
Dodging        | 5 6 7 8 9 |  9.2
Ranged Weapons | 9 10 11 | 11.5

Action                     |  1- 3 |  4- 6 |  7- 9 | 10-12 || total
---------------------------+-------+-------+-------+-------++-------
  Melee: Unarmed           |       |       |       |     4 ||     4
   Fire: Shortbow          |   110 |   174 |   389 |   645 ||  1318
 Invoke: Draw Destruction  |       |       |     4 |     9 ||    13
         Draw Summoning    |       |       |       |     3 ||     3
         Draw Escape       |       |       |       |     4 ||     4
         Triple Draw       |       |       |       |     2 ||     2
  Evoke: Wand              |       |       |     1 |     3 ||     4
    Use: Scroll            |     6 |     7 |     6 |    16 ||    35
         Potion            |       |       |       |     7 ||     7
   Stab: Sleeping          |       |       |       |     1 ||     1
 Armour: Leather armour    |     7 |    33 |   136 |       ||   176
         Steam dragon scal |       |       |    24 |   247 ||   271
         Skin              |       |       |       |     3 ||     3
  Dodge: Dodged            |    13 |    42 |   229 |   383 ||   667
